 Dungeon Crawl Stone Soup version 0.22.0 (webtiles) character file.

1162 Matezma the Cleaver (level 8, 0/64 HPs)
             Began as a Minotaur Berserker on Oct 31, 2018.
             Was a Priest of Trog.
             Slain by Grinder (5 damage)
             ... on level 5 of the Dungeon.
             The game lasted 00:16:09 (3245 turns).

Matezma the Cleaver (Minotaur Berserker)            Turns: 3245, Time: 00:16:10

Health: 0/64       AC:  7    Str: 25    XL:     8   Next: 17%
Magic:  7/7        EV: 10    Int:  4    God:    Trog [***...]
Gold:   101        SH:  0    Dex:  9    Spells: 7/7 levels left

rFire    . . .     SeeInvis .   a - +0 hand axe
rCold    . . .     Gourm    .   (no shield)
rNeg     . . .     Faith    .   k - +0 scale mail
rPois    .         Spirit   .   (helmet restricted)
rElec    .         Reflect  .   o - +0 cloak
rCorr    .         Harm     .   (no gloves)
MR       .....                  (no boots)
Stlth    ..........             h - amulet of regeneration
HPRegen  0.60/turn              (no ring)
MPRegen  0.10/turn              (no ring)

@: no status effects
A: retaliatory headbutt, horns 2
a: Berserk, Trog's Hand, Renounce Religion


You were on level 5 of the Dungeon.
You worshipped Trog.
Trog was most pleased with you.
You were not hungry.

You visited 1 branch of the dungeon, and saw 6 of its levels.
You also visited: Sewer.

You collected 101 gold pieces.

Inventory:

Hand Weapons
 a - a +0 hand axe (weapon)
Missiles
 d - 226 stones
 l - 10 tomahawks (quivered)
Armour
 k - a +0 scale mail (worn)
 o - a +0 cloak (worn)
 s - a +2 chain mail of cold resistance
Jewellery
 e - an uncursed ring of stealth {unknown}
 h - an amulet of regeneration (around neck)
Wands
 i - a wand of random effects (30)
 v - a wand of flame (30)
Scrolls
 b - 2 scrolls of teleportation {unknown}
 f - a scroll of immolation {unknown}
 n - 2 scrolls of enchant weapon {unknown}
 p - 2 scrolls of enchant armour {unknown}
 r - a scroll of magic mapping {unknown}
 t - a scroll of fear {unknown}
 u - a scroll of blinking {unknown}
Potions
 g - a potion of might {unknown}
 j - 2 potions of lignification
 m - 2 potions of curing
Comestibles
 c - 8 rations
 q - 2 chunks of flesh


   Skills:
 - Level 3.6 Fighting
 + Level 11.9 Axes
 - Level 2.4 Armour
 - Level 2.1 Dodging


You had 7 spell levels left.
You didn't know any spells.
Your spell library was empty.

Dungeon Overview and Level Annotations

Branches:
Dungeon (6/15)             Temple (0/1) D:4

Altars:
Ashenzari
Dithmenos

Shops:
D:4 *   D:5 ?

Annotations:
D:5 Blork the orc, Grinder, Prince Ribbit


Innate Abilities, Weirdness & Mutations

You reflexively headbutt those who attack you in melee.
You have a pair of horns on your head.


Message History

You hit Grinder. Your headbutt misses Grinder.
Grinder is heavily wounded.
Grinder hits you!
* * * LOW HITPOINT WARNING * * *
You writhe in agony.
* * * LOW HITPOINT WARNING * * *
You closely miss Grinder.
Grinder is heavily wounded.
Grinder closely misses you. You furiously retaliate!
You headbutt Grinder! You hit Grinder but do no damage.
Your headbutt misses Grinder.
Grinder is almost dead.
You hit Grinder but do no damage.
Grinder is almost dead.
Grinder hits you but does no damage.
You barely miss Grinder.
Grinder is almost dead.
Grinder hits you.
* * * LOW HITPOINT WARNING * * *
You writhe in agony.
You die...

#......# #).....# #
##########......###..
#...)....)...........
####'########...........
#.....# #............
#####.....#
#.####.......
#.........# #.# ....#..
g #.........# #@# ###.#
..#
#.......>.'.....5.o.....
# ...
#.....p.^.#####....#.#..
...
#.......!.....'......
...
###.......#####....#.#
... #..p......#
#....#... ...
#....#....# #..... ...
... ##...#....# #.....#
.. ... #...###### ...


You could see Grinder and Blork the orc.

Vanquished Creatures
  Pikel (D:5)
  Edmund (D:4)
  Duvessa (D:5)
  A slave (D:6)
  An ogre (D:4)
  Dowan (D:5)
  A jelly (D:5)
  An orc priest (D:3)
  A hound (D:4)
  A bullfrog skeleton (D:4)
  An iguana (D:6)
  2 worker ants
  A hound skeleton (D:4)
  3 adders
  4 gnolls (D:4)
  An adder skeleton (D:4)
  3 worms
  A dart slug (D:1)
  6 leopard geckos
  14 orcs
  2 ball pythons
  4 bats
  8 giant cockroaches
  4 goblins
  8 hobgoblins
  6 jackals
  A quokka (D:4)
  5 frilled lizards
  10 kobolds
  3 rats
97 creatures vanquished.

Vanquished Creatures (others)
  A goblin (D:5)
1 creature vanquished.

Grand Total: 98 creatures vanquished

Notes
Turn   | Place    | Note
-------+----------+-------------------------------------------
     0 | D:1      | Matezma the Minotaur Berserker began the quest for the Orb.
     0 | D:1      | Reached XP level 1. HP: 19/19 MP: 0/0
   206 | D:1      | Reached skill level 4 in Axes
   378 | D:1      | Reached XP level 2. HP: 24/26 MP: 1/1
   655 | D:1      | Reached skill level 5 in Axes
   665 | D:1      | Reached XP level 3. HP: 29/31 MP: 2/2
   836 | D:2      | Reached ** piety under Trog
  1120 | D:2      | Found a shattered altar of Ashenzari.
  1185 | D:2      | You fall through a shaft!
  1332 | D:3      | Found a glowing drain.
  1346 | D:3      | Reached skill level 6 in Axes
  1346 | D:3      | Reached XP level 4. HP: 39/39 MP: 3/3
  1370 | Sewer    | Entered a sewer
  1945 | D:3      | Reached XP level 5. HP: 45/45 MP: 4/4
  2053 | D:4      | Reached skill level 7 in Axes
  2092 | D:4      | Noticed an ogre
  2095 | D:4      | Found Goyrotej's Assorted Antiques.
  2140 | D:4      | Reached *** piety under Trog
  2207 | D:4      | Reached skill level 8 in Axes
  2288 | D:4      | Killed an ogre
  2288 | D:4      | Reached XP level 6. HP: 44/51 MP: 5/5
  2377 | D:4      | Noticed Edmund
  2414 | D:4      | Killed Edmund
  2414 | D:4      | Reached skill level 9 in Axes
  2528 | D:4      | Found a shadowy altar of Dithmenos.
  2541 | D:4      | Found a staircase to the Ecumenical Temple.
  2672 | D:5      | Entered Level 5 of the Dungeon
  2743 | D:5      | Found Magyc's Magic Scroll Shop.
  2799 | D:5      | Noticed a slave
  2800 | D:5      | Noticed a slave
  2802 | D:5      | Noticed Pikel
  2803 | D:5      | Noticed a slave
  2804 | D:5      | Noticed a slave
  2822 | D:6      | Killed a slave
  2858 | D:6      | Reached XP level 7. HP: 40/57 MP: 6/6
  2873 | D:5      | Noticed Prince Ribbit
  2989 | D:5      | Noticed Dowan
  2991 | D:5      | Noticed Duvessa
  2999 | D:5      | Killed Duvessa
  2999 | D:5      | Reached skill level 10 in Axes
  3018 | D:5      | Killed Dowan
  3123 | D:5      | Killed Pikel
  3123 | D:5      | Reached skill level 11 in Axes
  3123 | D:5      | Reached XP level 8. HP: 18/64 MP: 7/7
  3231 | D:5      | Noticed Grinder
  3231 | D:5      | Paralysed by Grinder for 4 turns
  3236 | D:5      | Noticed Blork the orc
  3245 | D:5      | Slain by Grinder

Skill      XL: |  1  2  3  4  5  6  7 |
---------------+----------------------+-----
Axes           | 4 5 6 8 9 11 | 11.9
Fighting       | |  3.6
Armour         | |  2.4
Dodging        | |  2.1

Action                   |  1- 3 |  4- 6 |  7- 9 || total
-------------------------+-------+-------+-------++-------
Melee: Hand axe          |    87 |   179 |    61 ||   327
       Headbutt          |    13 |    32 |     6 ||    51
Throw: Tomahawk          |       |       |     5 ||     5
  Use: Scroll            |       |     4 |       ||     4
       Potion            |       |       |     3 ||     3
  Eat: Chunk             |     1 |     5 |     2 ||     8
Armor: Ring mail         |    31 |     3 |       ||    34
       Animal skin       |     1 |       |       ||     1
       Scale mail        |       |    58 |     8 ||    66
       Skin              |       |       |     3 ||     3
Dodge: Dodged            |    49 |    66 |     9 ||   124
